 Dungeon Crawl Stone Soup version 0.16.0-17-g811c1d7 (webtiles) character file.

78878 maniek23 the Unseen (level 15, -26/105 HPs)
             Began as a Vampire Enchanter on Mar 22, 2015.
             Was the Champion of Makhleb.
             Killed from afar by a deep elf knight (42 damage)
             ... with an orb of energy
             ... on level 2 of the Elven Halls.
             The game lasted 02:49:36 (27782 turns).

maniek23 the Unseen (Vampire Enchanter)            Turns: 27782, Time: 02:49:36

Health: -26/105    AC: 13    Str: 11    XL:     15   Next: 19%
Magic:  10/33      EV: 24    Int: 14    God:    Makhleb [******]
Gold:   2369       SH:  0    Dex: 24    Spells: 10 memorised, 11 levels left

rFire  + + .     SeeInvis +     X - +7 rapier of Earthquakes {pierce, rElec MR- Int-3 Dex+5}
rCold  + + +     Clarity  .     b - +2 robe {Archmagi}
rNeg   + + +     SustAb   .     (no shield)
rPois  +         Gourm    .     y - +2 hat
rElec  +         Spirit   .     U - +2 cloak
rCorr  .         Warding  .     u - +0 pair of gloves
rMut   .         Stasis   .     S - +2 pair of boots {run}
MR     +....                    (no amulet)
Stlth  +++++++++.               B - +4 ring of dexterity
                                e - ring "Quwi" {rF++ rN+ MR+ Slay-2}

@: regenerating slowly, quick, somewhat resistant to hostile enchantments,
incredibly stealthy
A: bottle blood, fangs 3, see invisible, cold resistance 1, unbreathing
a: Bat Form, Minor Destruction, Lesser Servant of Makhleb, Major Destruction,
Greater Servant of Makhleb, Renounce Religion


You were on level 2 of the Elven Halls.
You worshipped Makhleb.
Makhleb was exalted by your worship.
You were near bloodless.

You visited 5 branches of the dungeon, and saw 28 of its levels.
You visited the Abyss 1 time.

You collected 2940 gold pieces.
You spent 571 gold pieces at shops.

Inventory:

Hand weapons
 R - a +5 short sword
 X - the +7 rapier of Earthquakes (weapon) {pierce, rElec MR- Int-3 Dex+5}
   (You found it on level 1 of the Lair of Beasts)

   It inflicts extra damage upon your enemies.
   It affects your intelligence (-3).
   It affects your dexterity (+5).
   It insulates you from electricity.
   It affects your resistance to hostile enchantments.
Armour
 b - a +2 robe of the Archmagi (worn)
 g - a +4 ring mail
 u - a +0 pair of gloves (worn)
 y - a +2 hat (worn)
 S - a +2 pair of boots of running (worn)
 U - a +2 cloak (worn)
Jewellery
 e - the ring "Quwi" (left hand) {rF++ rN+ MR+ Slay-2}
   (You took it off a crimson imp on level 11 of the Dungeon)

   [ring of slaying]

   It affects your accuracy and damage with ranged weapons and melee attacks
   (-2).
   It greatly protects you from fire.
   It protects you from negative energy.
   It affects your resistance to hostile enchantments.
 n - an uncursed ring of magical power {unknown}
 o - an uncursed ring of protection from fire
 p - an uncursed ring of ice
 B - a +4 ring of dexterity (right hand)
 T - an uncursed amulet of stasis
Magical devices
 z - a wand of paralysis (10)
 C - a wand of digging (4)
 I - a wand of cold (1)
 J - a wand of lightning (4)
Scrolls
 a - a scroll of torment
 h - 4 scrolls of enchant armour
 i - 9 scrolls of magic mapping
 m - 2 scrolls of fear
 v - 13 scrolls of identify
 w - 4 scrolls of enchant weapon
 x - 7 scrolls of teleportation
 D - 2 scrolls of remove curse
 E - 4 scrolls of blinking
 L - 3 scrolls of amnesia
 O - 7 scrolls of recharging
Potions
 d - 15 potions of blood
 j - 6 potions of brilliance
 k - 6 potions of restore abilities
 l - 3 potions of curing
 r - 5 potions of flight {unknown}
 s - a potion of berserk rage {unknown}
 F - a potion of experience {unknown}
 G - 3 potions of cure mutation {unknown}
 K - 5 potions of might
 M - a potion of ambrosia {unknown}
 V - a potion of lignification
 W - 2 potions of agility
Books
 c - a book of Maledictions

   Spells                             Type                      Level
   a - Corona                         Hexes                        1
   b - Sure Blade                     Hexes/Charms                 2
   c - Ensorcelled Hibernation        Hexes/Ice                    2
   d - Confuse                        Hexes                        3
   e - Dazzling Spray                 Conjuration/Hexes            3
   f - Enslavement                    Hexes                        4
 A - a book of Enchantments

   Spells                             Type                      Level
   a - Tukima's Dance                 Hexes                        3
   b - Cause Fear                     Hexes                        4
   c - Silence                        Hexes/Air                    5
   d - Deflect Missiles               Charms/Air                   6
   e - Haste                          Charms                       6
   f - Discord                        Hexes                        8
 P - a book of Spatial Translocations

   Spells                             Type                      Level
   a - Apportation                    Translocation                1
   b - Blink                          Translocation                2
   c - Shroud of Golubria             Charms/Translocation         2
   d - Portal Projectile              Translocation                3
   e - Teleport Other                 Translocation                3
   f - Passage of Golubria            Translocation                4
 Q - a book of Necromancy

   Spells                             Type                      Level
   a - Pain                           Necromancy                   1
   b - Animate Skeleton               Necromancy                   1
   c - Vampiric Draining              Necromancy                   3
   d - Regeneration                   Charms/Necromancy            3
   e - Animate Dead                   Necromancy                   4
   f - Control Undead                 Necromancy                   4
 Z - a book of Battle

   Spells                             Type                      Level
   a - Infusion                       Charms                       1
   b - Shroud of Golubria             Charms/Translocation         2
   c - Song of Slaying                Charms                       2
   d - Spectral Weapon                Hexes/Charms                 3
   e - Regeneration                   Charms/Necromancy            3
Miscellaneous
 f - a disc of storms
 q - a box of beasts
 t - a box of beasts
 H - a phantom mirror


   Skills:
 + Level 5.8 Fighting
 * Level 10.9 Short Blades
 - Level 4.2 Armour
 + Level 10.6 Dodging
 + Level 18.7 Stealth
 + Level 0.2 Unarmed Combat
 + Level 10.5 Spellcasting
 + Level 14.1 Hexes
 + Level 1.6 Charms
 * Level 2.1 Necromancy
 * Level 4.5 Translocations
 + Level 5.6 Ice Magic
 + Level 6.5 Invocations
 + Level 0.4 Evocations


You had 11 spell levels left.
You knew the following spells:

 Your Spells              Type           Power        Failure   Level  Hunger
a - Corona                Hex            ######.      1%          1    None
b - Ensorcelled Hibernat  Hex/Ice        ######       1%          2    None
c - Confuse               Hex            ######..     1%          3    #......
d - Sure Blade            Hex/Chrm       #####.....   1%          2    None
e - Enslavement           Hex            ######..     1%          4    ###....
f - Blink                 Tloc           N/A          2%          2    None
g - Spectral Weapon       Hex/Chrm       #####...     1%          3    #......
h - Shroud of Golubria    Chrm/Tloc      ###.......   4%          2    None
i - Cause Fear            Hex            ######....   1%          4    ###....
j - Animate Skeleton      Necr           N/A          4%          1    None


Dungeon Overview and Level Annotations

Branches:
Dungeon (13/15)            Temple (1/1) D:5            Lair (8/8) D:11
 Shoals (0/5) Lair:5       Spider (0/5) Lair:4        Slime (0/6) Lair:8
    Orc (4/4) D:10            Elf (2/3) Orc:4        Vaults (0/5) D:13

Altars:
Ashenzari
Cheibriados
Dithmenos
Elyvilon
Fedhas
Gozag
Kikubaaqudgha
Makhleb
Nemelex Xobeh
Okawaru
Qazlal
Ru
Sif Muna
Trog
Vehumet
Xom
Yredelemnul
Zin
The Shining One
Beogh

Shops:
D:8 !   Orc:1 *   Orc:4 [}*!(

Portals:
Trove: D:10 (give 20 scrolls of identify)


Innate Abilities, Weirdness & Mutations

You heal slowly.
You can bottle blood from corpses.
You have razor-sharp teeth.
You have supernaturally acute eyesight.
You can survive without breathing.
Your flesh is cold resistant.


Message History

Your elf skeleton closely misses the deep elf sorcerer.
The deep elf knight's shroud bends your elf skeleton's attack away!
The deep elf knight's shroud bends your elf skeleton's attack away.
The deep elf conjurer casts a spell at you.
The bolt of cold misses you.
The deep elf sorcerer hits your elf skeleton with a long sword!!
Your elf skeleton hits the deep elf sorcerer with a scimitar!
Your neqoxec hits the deep elf conjurer.
There is a stone staircase leading down here.
Your elf skeleton barely misses the deep elf conjurer.
Your neqoxec disappears in a puff of smoke!
The deep elf conjurer casts a spell at you.
The bolt of negative energy misses you.
There is an open door here.
You close the door.
The deep elf knight mumbles some strange words.
The deep elf knight seems to speed up.
The deep elf knight casts a spell at you.
The orb of energy hits you!
You die...

... #..ZZ)$.# ..# #..ยง...)#
#+### #.. +....e..# #...##
#.# #...e..## #.(>.+ ..#
##....## #....# #.# ##..##
#....#####.# ##+# ####
#....'.....########e#####...
#.(..####..@......e........#
#...#####.########.#######.#
#....+....# #.# #.#
#..<.####Z# ######+#######+#
#...<# #.# #.........#.....
#....# #.# #...............
#.[..####.###%.......!......
#....+......'%............Z.
#....########..........#.Z..


You could see a deep elf knight and a deep elf conjurer.

Vanquished Creatures
  Rupert (Lair:3)
  The ghost of kae the Black Belt, a powerful DrTm of Qazlal (Lair:8)
  6 dire elephants (Lair:8)
  6 hydras
  Fannar (Lair:1)
  Harold (D:12)
  Erica (D:13)
  An anaconda (Lair:8)
  2 dancing weapons (D:13)
  A catoblepas (D:13)
  5 orc high priests
  Nergalle (Orc:4)
  8 deep elf knights
  3 slime creatures
  A fire crab (Lair:8)
  2 deep elf summoners (Elf:1)
  An unseen horror (D:11)
  The ghost of Hellisa the Changer, an experienced OpTm of Nemelex Xobeh (D:7)
  An orc knight (Orc:4)
  4 ugly things
  3 hill giants
  5 deep elf conjurers
  A griffon (Lair:5)
  2 manticores
  An orc sorcerer (Orc:4)
  A guardian serpent (D:11)
  6 komodo dragons
  An orb spider (Lair:4)
  7 elephants
  An orb spider (shapeshifter) (Elf:1)
  An iron dragon skeleton (Abyss:1)
  2 centaur zombies
  A gargoyle (D:10)
  A smoke demon (Abyss:1)
  6 black mambas
  2 fire drakes
  A hellwing (Abyss:1)
  A demonic crawler (Abyss:1)
  11 spiny frogs
  5 deep elf priests
  6 blink frogs
  5 trolls
  Grinder (D:4)
  A boulder beetle (Lair:7)
  A raiju (Abyss:1)
  A wraith (D:13)
  13 deep elf fighters
  10 deep elf magi
  2 humans (D:8)
  34 yaks
  A steam dragon (D:9)
  3 wyverns
  12 hippogriffs
  3 hungry ghosts
  6 wolves (Lair:7)
  25 water moccasins
  4 wargs
  A phantom (D:7)
  A sky beast (D:5)
  8 porcupines
  3 black bears
  4 centaurs
  A boring beetle (Lair:8)
  11 ogres
  19 orc warriors
  2 ice beasts
  13 crocodiles
  A big kobold (D:9)
  A boring beetle (shapeshifter) (Elf:1)
  20 giant frogs
  3 wyvern skeletons
  7 scorpions
  4 wights (D:6)
  6 crimson imps
  2 goliath beetles
  An electric eel (Lair:8)
  11 hounds
  2 giant frog zombies
  2 giant frog skeletons (D:13)
  9 jellies
  33 orc wizards
  4 centaur skeletons
  22 orc priests
  A gnoll shaman (D:10)
  9 iguanas
  9 worker ants
  A killer bee zombie (D:11)
  Ijyb (D:4)
  A hound zombie (D:6)
  3 hound skeletons
  A mummy (D:9)
  Robin (D:2)
  13 gnolls
  57 river rats
  31 adders
  3 shadow imps
  3 giant mites
  3 worms
  8 giant geckos
  147 orcs
  A bat skeleton (D:5)
  A bat zombie (D:5)
  5 giant cockroaches
  33 goblins
  19 hobgoblins
  11 jackals
  20 kobolds
  14 quokkas
  3 ball pythons
  7 bats
  10 giant newts
  A quokka skeleton (D:4)
  8 rats
  5 plants (Lair:8)
856 creatures vanquished.

Vanquished Creatures (collateral kills)
  A centaur warrior (D:13)
  A deep elf conjurer (Elf:1)
  A deep elf summoner (Elf:1)
  A deep elf priest (Elf:2)
  5 deep elf fighters (Elf:1)
  2 yaks
  A warg (D:11)
  2 orc warriors (D:10)
  A wasp (D:9)
  A sky beast (D:13)
  A big kobold (D:9)
  5 orc priests (Orc:4)
  A wasp zombie (D:9)
  An orc wizard (D:11)
  21 orcs
  A hobgoblin (D:9)
  2 kobolds (D:9)
48 creatures vanquished.

Vanquished Creatures (others)
  A spectral weapon (Elf:2)
  A deep elf knight (Elf:2)
  A deep elf conjurer (Elf:1)
  3 elephants
  An orange demon (Elf:1)
  A hellwing (Orc:4)
  5 yaks
  A neqoxec (Lair:7)
  4 deep elf fighters (Elf:1)
  4 elf skeletons
  A jelly (Lair:8)
  An orc priest (D:10)
  3 river rats (Lair:7)
  A kobold (D:9)
  5 fungi
33 creatures vanquished.

Grand Total: 937 creatures vanquished

Notes
Turn   | Place    | Note
--------------------------------------------------------------
     0 | D:1      | maniek23, the Vampire Enchanter, began the quest for the Orb.
     0 | D:1      | Reached XP level 1. HP: 13/13 MP: 3/3
   285 | D:1      | Reached XP level 2. HP: 14/19 MP: 4/4
   316 | D:1      | Reached skill level 5 in Hexes
   802 | D:1      | Reached XP level 3. HP: 21/24 MP: 6/6
  1121 | D:1      | Learned a level 2 spell: Ensorcelled Hibernation
  1125 | D:1      | Learned a level 3 spell: Confuse
  1241 | D:2      | Noticed Robin
  1284 | D:2      | Killed Robin
  1284 | D:2      | Reached skill level 5 in Stealth
  1435 | D:2      | Reached skill level 1 in Fighting
  1526 | D:2      | Reached XP level 4. HP: 32/32 MP: 7/7
  1580 | D:2      | Found a white marble altar of Elyvilon.
  1889 | D:3      | Reached skill level 1 in Armour
  1941 | D:3      | Reached XP level 5. HP: 19/37 MP: 1/9
  2211 | D:3      | Found a sparkling altar of Nemelex Xobeh.
  2424 | D:4      | Noticed Ijyb
  2434 | D:4      | Killed Ijyb
  2617 | D:4      | Noticed a two-headed ogre
  2617 | D:4      | Noticed an ogre
  2627 | D:4      | Noticed an ogre
  2637 | D:4      | Killed an ogre
  2637 | D:4      | Reached XP level 6. HP: 43/43 MP: 6/11
  2645 | D:4      | Reached skill level 6 in Stealth
  2668 | D:4      | Noticed Grinder
  2725 | D:4      | Killed Grinder
  2725 | D:4      | Reached XP level 7. HP: 21/49 MP: 5/13
  2743 | D:4      | Reached skill level 7 in Stealth
  3052 | D:5      | Entered Level 5 of the Dungeon
  3363 | D:5      | Found a staircase to the Ecumenical Temple.
  3382 | Temple   | Entered the Ecumenical Temple
  3455 | Temple   | Became a worshipper of Makhleb the Destroyer
  3691 | D:5      | Reached skill level 5 in Dodging
  3692 | D:5      | Found a glowing silver altar of Zin.
  3783 | D:5      | Reached skill level 1 in Ice Magic
  3884 | D:5      | Reached XP level 8. HP: 39/57 MP: 17/17
  3895 | D:5      | Acquired Makhleb's first power
  4285 | D:6      | Found a deep blue altar of Sif Muna.
  4591 | D:6      | Reached skill level 8 in Stealth
  5456 | D:7      | Found a shadowy altar of Dithmenos.
  5552 | D:7      | Acquired Makhleb's second power
  5694 | D:7      | Noticed Hellisa's ghost (experienced OpTm)
  5705 | D:7      | Killed Hellisa's ghost
  5705 | D:7      | Reached skill level 9 in Stealth
  5705 | D:7      | Reached skill level 5 in Spellcasting
  5705 | D:7      | Reached XP level 9. HP: 54/64 MP: 17/21
  5970 | D:8      | Found a snail-covered altar of Cheibriados.
  5979 | D:8      | Reached skill level 10 in Stealth
  6317 | D:8      | Found an iron altar of Okawaru.
  6346 | D:8      | Acquired Makhleb's third power
  6436 | D:8      | Learned a level 2 spell: Sure Blade
  6471 | D:8      | Found Ghowad's Distillery.
  6482 | D:8      | Bought a potion of heal wounds for 70 gold pieces
  6482 | D:8      | Bought a potion of curing for 42 gold pieces
  6482 | D:8      | Bought a potion of brilliance for 56 gold pieces
  6482 | D:8      | Bought a potion of might for 56 gold pieces
  6824 | D:9      | Reached XP level 10. HP: 67/70 MP: 17/23
  6849 | D:9      | Reached skill level 11 in Stealth
  7053 | D:9      | Acquired Makhleb's fourth power
  7506 | D:9      | Learned a level 4 spell: Enslavement
  7619 | D:9      | Reached skill level 12 in Stealth
  7753 | D:10     | Entered Level 10 of the Dungeon
  8183 | D:10     | Reached skill level 10 in Hexes
  8206 | D:10     | Acquired Makhleb's fifth power
  8386 | D:10     | Reached skill level 5 in Short Blades
  8426 | D:10     | Learned a level 2 spell: Blink
  8518 | D:10     | Found a portal to a secret trove of treasure.
  8594 | D:10     | Found a staircase to the Orcish Mines.
  8611 | Orc:1    | Entered Level 1 of the Orcish Mines
  8648 | Orc:1    | Reached XP level 11. HP: 78/78 MP: 26/26
  9072 | Orc:2    | Found a bloodstained altar of Trog.
  9346 | Orc:1    | Found Nosopt's General Store.
  9555 | Orc:1    | Found a roughly hewn altar of Beogh.
 10521 | Orc:3    | Reached skill level 13 in Stealth
 10663 | Orc:4    | Entered Level 4 of the Orcish Mines
 10709 | Orc:4    | Reached skill level 1 in Invocations
 10770 | Orc:4    | Found Pliur's Antique Armour Emporium.
 10776 | Orc:4    | Found a staircase to the Elven Halls.
 10780 | Orc:4    | Bought a pair of runed boots for 162 gold pieces
 10785 | Orc:4    | Identified a +2 pair of boots of running (You bought it in a shop on level 4 of the Orcish Mines)
 10903 | Orc:4    | Found a roughly hewn altar of Beogh.
 11204 | Orc:4    | Noticed Nergalle
 11210 | Orc:4    | Killed Nergalle
 11231 | Orc:4    | Noticed an orc high priest
 11236 | Orc:4    | Noticed an orc high priest
 11244 | Orc:4    | Killed an orc high priest
 11265 | Orc:4    | Killed an orc high priest
 11268 | Orc:4    | Found Chavvay's General Store.
 11269 | Orc:4    | Found Pluugg's Gadget Emporium.
 11273 | Orc:4    | Found Unejaklustri's Antique Weapon Shoppe.
 11273 | Orc:4    | Found Jyrgheoxe's Distillery.
 11273 | Orc:4    | Noticed an orc high priest
 11275 | Orc:4    | Noticed an orc high priest
 11502 | Orc:4    | Killed an orc high priest
 11521 | Orc:4    | Killed an orc high priest
 11724 | Orc:4    | Bought a potion of lignification for 30 gold pieces
 11724 | Orc:4    | Bought a potion of agility for 40 gold pieces
 11724 | Orc:4    | Bought a potion of cancellation for 80 gold pieces
 11724 | Orc:4    | Bought a potion of mutation for 25 gold pieces
 11724 | Orc:4    | Bought a potion of degeneration for 10 gold pieces
 11945 | Elf:1    | Entered Level 1 of the Elven Halls
 11951 | Elf:1    | Reached XP level 12. HP: 67/84 MP: 25/28
 12045 | Elf:1    | Noticed a deep elf knight
 12624 | Elf:1    | Killed a deep elf knight
 12663 | Elf:1    | Noticed a fire crab
 12664 | Elf:1    | Noticed a deep elf knight
 12668 | Elf:1    | Noticed a deep elf knight
 13261 | D:11     | Learned a level 3 spell: Spectral Weapon
 13417 | D:11     | Found a staircase to the Lair.
 13490 | D:11     | Got a coiled lapis lazuli ring
 13494 | D:11     | Identified the cursed ring "Quwi" {rF++ rN+ MR+ Slay-2} (You took it off a crimson imp on level 11 of the Dungeon)
 13506 | D:11     | Reached skill level 14 in Stealth
 14268 | D:12     | Noticed Harold
 14284 | D:12     | Killed Harold
 14548 | D:12     | Noticed a six-headed hydra
 14552 | D:12     | Killed a six-headed hydra
 14552 | D:12     | Reached skill level 5 in Invocations
 14638 | D:12     | Reached skill level 15 in Stealth
 14848 | D:13     | Noticed Erica
 14848 | D:13     | Noticed a centaur warrior
 14855 | D:13     | Killed a centaur warrior
 14873 | D:13     | Killed Erica
 14970 | D:13     | Noticed a catoblepas
 14979 | D:13     | Killed a catoblepas
 15056 | D:13     | Reached skill level 5 in Fighting
 15071 | D:13     | Found a gate to the Vaults.
 15073 | D:13     | Reached XP level 13. HP: 91/91 MP: 27/29
 15764 | Lair:1   | Entered Level 1 of the Lair of Beasts
 15840 | Lair:1   | Learned a level 2 spell: Shroud of Golubria
 15890 | Lair:1   | Noticed Fannar
 16239 | Lair:1   | Killed Fannar
 16566 | Lair:1   | Got a transparent rapier
 16567 | Lair:1   | Identified the +7 rapier of Earthquakes {pierce, rElec MR- Int-3 Dex+5} (You found it on level 1 of the Lair of Beasts)
 16850 | Lair:1   | Reached skill level 16 in Stealth
 17933 | Lair:3   | Noticed Rupert
 19174 | Lair:3   | Killed Rupert
 19451 | Lair:4   | Found a hole to the Spider Nest.
 19463 | Lair:4   | Reached skill level 17 in Stealth
 19637 | Lair:4   | Found an ancient bone altar of Kikubaaqudgha.
 20152 | Lair:5   | Found a staircase to the Shoals.
 20175 | Lair:5   | Reached skill level 10 in Dodging
 20229 | Lair:5   | Reached skill level 1 in Charms
 20382 | Lair:5   | Reached skill level 1 in Translocations
 20606 | Lair:5   | Reached XP level 14. HP: 98/98 MP: 31/31
 21506 | Lair:7   | Reached skill level 5 in Ice Magic
 22467 | Lair:7   | Reached skill level 10 in Short Blades
 22765 | Lair:8   | Entered Level 8 of the Lair of Beasts
 22877 | Lair:8   | Reached skill level 18 in Stealth
 22945 | Lair:8   | Noticed kae's ghost (powerful DrTm)
 23271 | Lair:8   | Found a staircase to the Slime Pits.
 23295 | Lair:8   | HP: 4/98 [fire crab] (11)]
 23953 | Lair:8   | Killed kae's ghost
 24000 | Lair:8   | Learned a level 4 spell: Cause Fear
 25626 | Lair:8   | Reached skill level 10 in Spellcasting
 25982 | Lair:8   | Learned a level 1 spell: Animate Skeleton
 26532 | Elf:1    | a fire crab changed into an orb spider
 26583 | Elf:1    | Killed a deep elf knight
 26691 | Elf:1    | Gained mutation: Your flesh is cold resistant. [potion of beneficial mutation]
 26716 | Elf:1    | Noticed a deep elf summoner
 26727 | Elf:1    | Killed a deep elf summoner
 26747 | Elf:1    | Killed a deep elf knight
 26776 | Elf:1    | Noticed a deep elf summoner
 26795 | Elf:1    | Killed a deep elf summoner
 26892 | Elf:1    | Noticed a deep elf knight
 26909 | Elf:1    | Killed a deep elf knight
 27016 | Elf:1    | Noticed a deep elf summoner
 27025 | Elf:1    | Killed a deep elf summoner
 27066 | Elf:1    | Reached XP level 15. HP: 105/105 MP: 29/33
 27126 | Elf:1    | Reached skill level 1 in Necromancy
 27563 | Elf:2    | Cast into the Abyss (a deep elf sorcerer)
 27563 | Abyss:1  | Found a corrupted altar of Lugonu.
 27748 | Elf:2    | Escaped the Abyss
 27782 | Elf:2    | Killed from afar by a deep elf knight

Action                   |  1- 3 |  4- 6 |  7- 9 | 10-12 | 13-15 || total
-------------------------+-------+-------+-------+-------+-------++-------
Melee: Dagger            |    14 |    72 |   448 |   503 |       ||  1037
       Short sword       |   131 |    54 |       |   349 |   166 ||   700
       Unarmed           |       |       |       |     2 |    16 ||    18
       Rapier            |       |       |       |       |   605 ||   605
       Scimitar          |       |       |       |       |     6 ||     6
 Cast: Confuse           |     1 |     5 |    26 |    70 |   121 ||   223
       Ensorcelled Hiber |       |     8 |    22 |    71 |   114 ||   215
       Sure Blade        |       |       |     1 |     9 |    10 ||    20
       Blink             |       |       |       |     6 |     7 ||    13
       Enslavement       |       |       |       |     5 |    16 ||    21
       Shroud of Golubri |       |       |       |       |    17 ||    17
       Animate Skeleton  |       |       |       |       |    13 ||    13
       Spectral Weapon   |       |       |       |       |     1 ||     1
Invok: Minor Destruction |       |       |     2 |     8 |       ||    10
       Lesser Servant of |       |       |     1 |     3 |     4 ||     8
       Greater Servant o |       |       |       |     2 |       ||     2
       Major Destruction |       |       |       |     1 |       ||     1
 Abil: End Transformatio |       |       |       |     8 |     6 ||    14
       Bat Form          |       |       |       |     8 |     6 ||    14
Evoke: Wand              |       |       |       |     4 |     5 ||     9
       Box of beasts     |       |       |       |       |     2 ||     2
  Use: Scroll            |       |     4 |     1 |     8 |     8 ||    21
       Potion            |       |       |     1 |    10 |    16 ||    27
 Stab: Sleeping          |     3 |    10 |    25 |    76 |   169 ||   283
       Confused          |       |     2 |     7 |    41 |    35 ||    85
       Distracted        |       |       |     1 |     4 |     2 ||     7
       Paralysed         |       |       |       |     1 |       ||     1
  Eat: Corpse            |     4 |     6 |     4 |     2 |     2 ||    18
